MAA
NORTONVILLE CHEROKEES @ SALEM MISFITS
09/26/2019
 
TOP OF THE 1ST
Nortonville Cherokees batting - Pitching for Salem Misfits : RHP Josh Parker
Pitching: RHP Josh Parker
Batting: RHB José Correa 0-0: Called Strike
0-1: Swinging Strike
0-2: Ground out 5-3 (Groundball, 5S)
Batting: RHB Javier Chávez 0-0: Called Strike
0-1: Ball
1-1: Ball
2-1: Fly out, F4 (Popup, 4M)
Batting: LHB Sergio Muñóz 0-0: Ball
1-0: SINGLE (Groundball, 4M)
Batting: LHB Sam Good 0-0: Foul Ball, location: 2F
0-1: Ball
1-1: Foul Ball, location: 2F
1-2: Ground out U3 (Groundball, 3L)
Top of the 1st over - 0 run(s), 1 hit(s), 0 error(s), 1 left on base; Nortonville 0 - Salem 0
BOTTOM OF THE 1ST
Salem Misfits batting - Pitching for Nortonville Cherokees : LHP Homer O'Lannigan
Pitching: LHP Homer O'Lannigan
Batting: RHB Steve Duncan 0-0: Called Strike
0-1: Swinging Strike
0-2: Ball
1-2: Strikes out swinging
Batting: SHB Joe Werner 0-0: Foul Ball, location: 2F
0-1: Foul Ball, location: 2F
0-2: Ball
1-2: SINGLE (Groundball, 5S)
Batting: RHB Will Robinson 0-0: Foul Ball, location: 2F
0-1: Ball
1-1: Swinging Strike
1-2: Ball
2-2: Strikes out swinging
Batting: RHB Alfredo Martínez 0-0: Called Strike
0-1: Fly out, F8 (Flyball, 8RM)
Bottom of the 1st over - 0 run(s), 1 hit(s), 0 error(s), 1 left on base; Nortonville 0 - Salem 0
TOP OF THE 2ND
Nortonville Cherokees batting - Pitching for Salem Misfits : RHP Josh Parker
Batting: RHB Lane Hancock 0-0: Called Strike
0-1: Ground out 6-3 (Groundball, 6)
Batting: RHB Paco Vásquez 0-0: Ball
1-0: Fly out, F8 (Flyball, 8LM)
Batting: RHB Víctor López 0-0: Ball
1-0: Called Strike
1-1: Ball
2-1: Foul Ball, location: 2F
2-2: Foul Ball, location: 2F
2-2: Ground out 1-3 (Groundball, 3S)
Top of the 2nd over - 0 run(s), 0 hit(s), 0 error(s), 0 left on base; Nortonville 0 - Salem 0
BOTTOM OF THE 2ND
Salem Misfits batting - Pitching for Nortonville Cherokees : LHP Homer O'Lannigan
Batting: RHB António Martínez 0-0: Ball
1-0: Fly out, F8 (Flyball, 8RM)
Batting: RHB Raúl Reyna 0-0: Ball
1-0: Swinging Strike
1-1: Swinging Strike
1-2: Ball
2-2: Strikes out swinging
Batting: RHB John Townsend 0-0: Ball
1-0: Foul Ball, location: 2F
1-1: Ball
2-1: Called Strike
2-2: Strikes out swinging
Bottom of the 2nd over - 0 run(s), 0 hit(s), 0 error(s), 0 left on base; Nortonville 0 - Salem 0
TOP OF THE 3RD
Nortonville Cherokees batting - Pitching for Salem Misfits : RHP Josh Parker
Batting: SHB Gonzalo Valentín 0-0: Ball
1-0: Ball
2-0: Called Strike
2-1: SINGLE (Groundball, 4M)
Batting: RHB Armando Alvarado 0-0: Ball
1-0: Ball
2-0: Swinging Strike
2-1: Foul Ball, location: 2F
2-2: Ball
3-2: Base on Balls
Gonzalo Valentín to second
Batting: RHB José Correa 0-0: Ball
1-0: Swinging Strike
1-1: Ball
2-1: Ball
3-1: Swinging Strike
3-2: SINGLE (Groundball, 6MD)
Gonzalo Valentín to third
Armando Alvarado to second
Batting: RHB Javier Chávez 0-0: Called Strike
0-1: Foul Ball, location: 2F
0-2: Foul Ball, location: 2F
0-2: Ball
1-2: Ball
2-2: Ball
3-2: Strikes out swinging
Batting: LHB Sergio Muñóz 0-0: Ball
1-0: Foul Ball, location: 2F
1-1: SINGLE (Groundball, 4MD)
Gonzalo Valentín scores
Armando Alvarado to third
José Correa to second
Runner from 3rd tries for Home, SAFE, no throw or cutoff
Batting: LHB Sam Good 0-0: Ball
1-0: Ball
2-0: Ball
3-0: Called Strike
3-1: Called Strike
3-2: SINGLE (Line Drive, 56)
José Correa to third
Sergio Muñóz to second
Batting: RHB Lane Hancock 0-0: Ball
1-0: Foul Ball, location: 2F
1-1: Grounds into fielders choice 1-2 (Groundball, 15)
Sergio Muñóz to third
Sam Good to second
Batting: RHB Paco Vásquez 0-0: Fly out, F9 (Popup, 89S)
Top of the 3rd over - 2 run(s), 4 hit(s), 0 error(s), 3 left on base; Nortonville 2 - Salem 0
BOTTOM OF THE 3RD
Salem Misfits batting - Pitching for Nortonville Cherokees : LHP Homer O'Lannigan
Batting: SHB Emílio Gonzáles 0-0: Ball
1-0: Called Strike
1-1: Ball
2-1: Ball
3-1: Foul Ball, location: 2F
3-2: Base on Balls
Batting: SHB Arturo Romero 0-0: Called Strike
0-1: Ball
Emílio Gonzáles steals 2nd base
1-1: Fly out, F6 (Popup, 5DF)
Batting: RHB Steve Duncan 0-0: Ball
1-0: Foul Ball, location: 2F
1-1: Swinging Strike
1-2: Ball
2-2: Strikes out looking
Batting: SHB Joe Werner 0-0: Ball
1-0: Foul Ball, location: 2F
1-1: Foul Ball, location: 2F
1-2: Ball
2-2: Strikes out looking
Bottom of the 3rd over - 0 run(s), 0 hit(s), 0 error(s), 1 left on base; Nortonville 2 - Salem 0
TOP OF THE 4TH
Nortonville Cherokees batting - Pitching for Salem Misfits : RHP Josh Parker
Batting: RHB Víctor López 0-0: Ball
1-0: Ball
2-0: Called Strike
2-1: Ball
3-1: Swinging Strike
3-2: Foul Ball, location: 2F
3-2: Ground out 1-3 (Groundball, 13)
Batting: SHB Gonzalo Valentín 0-0: Ball
1-0: Ball
2-0: Foul Ball, location: 2F
2-1: Called Strike
2-2: Ball
3-2: Strikes out swinging
Batting: RHB Armando Alvarado 0-0: Called Strike
0-1: Ball
1-1: Ball
2-1: Foul Ball, location: 2F
2-2: Ball
3-2: Foul Ball, location: 2F
3-2: Fly out, F8 (Popup, 6D)
Top of the 4th over - 0 run(s), 0 hit(s), 0 error(s), 0 left on base; Nortonville 2 - Salem 0
BOTTOM OF THE 4TH
Salem Misfits batting - Pitching for Nortonville Cherokees : LHP Homer O'Lannigan
Batting: RHB Will Robinson 0-0: Ball
1-0: Ball
2-0: Called Strike
2-1: Called Strike
2-2: Ball
3-2: Strikes out swinging
Batting: RHB Alfredo Martínez 0-0: Ball
1-0: Called Strike
1-1: Ball
2-1: Ground out 6-3 (Groundball, 6)
Batting: RHB António Martínez 0-0: Fly out, F5 (Line Drive, 5)
Bottom of the 4th over - 0 run(s), 0 hit(s), 0 error(s), 0 left on base; Nortonville 2 - Salem 0
TOP OF THE 5TH
Nortonville Cherokees batting - Pitching for Salem Misfits : RHP Josh Parker
Batting: RHB José Correa 0-0: Called Strike
0-1: Called Strike
0-2: Ball
1-2: Foul Ball, location: 2F
1-2: Foul Ball, location: 2F
1-2: SINGLE (Line Drive, 56D)
Batting: RHB Javier Chávez 0-0: Sac Bunt - play at first, batter OUT! 1-3
José Correa to second
Batting: LHB Sergio Muñóz 0-0: Called Strike
0-1: Ball
1-1: Ball
2-1: Ball
3-1: 2-RUN HOME RUN (Flyball, 9D), Distance : 370 ft
Batting: LHB Sam Good 0-0: Called Strike
0-1: Ball
1-1: Foul Ball, location: 2F
1-2: Ball
2-2: Ball
3-2: Strikes out swinging
Batting: RHB Lane Hancock 0-0: Ball
1-0: Ground out 6-3 (Groundball, 6)
Top of the 5th over - 2 run(s), 2 hit(s), 0 error(s), 0 left on base; Nortonville 4 - Salem 0
BOTTOM OF THE 5TH
Salem Misfits batting - Pitching for Nortonville Cherokees : LHP Homer O'Lannigan
Batting: RHB Raúl Reyna 0-0: Ball
1-0: Fly out, F9 (Flyball, 9M)
Batting: RHB John Townsend 0-0: Foul Ball, location: 2F
0-1: Ball
1-1: Ball
2-1: SINGLE (Flyball, 9LS)
Batting: SHB Emílio Gonzáles 0-0: Called Strike
0-1: Ball
1-1: Grounds into double play, 1-6-3 (Groundball, 15S)
Bottom of the 5th over - 0 run(s), 1 hit(s), 0 error(s), 0 left on base; Nortonville 4 - Salem 0
TOP OF THE 6TH
Nortonville Cherokees batting - Pitching for Salem Misfits : RHP Josh Parker
Batting: RHB Paco Vásquez 0-0: Ball
1-0: Foul Ball, location: 2F
1-1: Ground out 4-3 (Groundball, 4)
Batting: RHB Víctor López 0-0: Ball
1-0: Ball
2-0: Called Strike
2-1: SINGLE (Line Drive, 7LS)
Pitching: LHP Jorge Román
Batting: SHB Gonzalo Valentín 0-0: Grounds into double play, 6-4-3 (Groundball, 6)
Top of the 6th over - 0 run(s), 1 hit(s), 0 error(s), 0 left on base; Nortonville 4 - Salem 0
BOTTOM OF THE 6TH
Salem Misfits batting - Pitching for Nortonville Cherokees : LHP Homer O'Lannigan
Batting: SHB Arturo Romero 0-0: Foul Ball, location: 2F
0-1: Swinging Strike
0-2: Strikes out swinging
Batting: RHB Steve Duncan 0-0: SINGLE (Line Drive, 34D)
Batting: SHB Joe Werner 0-0: Ball
1-0: 2-RUN HOME RUN (Flyball, 78XD), Distance : 432 ft
Batting: RHB Will Robinson 0-0: Ball
1-0: Ball
2-0: SOLO HOME RUN (Line Drive, 78XD), Distance : 434 ft
Batting: RHB Alfredo Martínez 0-0: Swinging Strike
0-1: Fly out, F7 (Flyball, 78M)
Batting: RHB António Martínez 0-0: Called Strike
0-1: Ball
1-1: Ball
2-1: Ball
3-1: Foul Ball, location: 2F
3-2: Base on Balls
Batting: RHB Raúl Reyna 0-0: Ball
1-0: Called Strike
1-1: SINGLE (Groundball, 13) (infield hit)
António Martínez to second
Batting: RHB John Townsend 0-0: Called Strike
0-1: Ground out 3-1 (Groundball, 34)
Bottom of the 6th over - 3 run(s), 4 hit(s), 0 error(s), 2 left on base; Nortonville 4 - Salem 3
TOP OF THE 7TH
Nortonville Cherokees batting - Pitching for Salem Misfits : LHP Jorge Román
Batting: RHB Armando Alvarado 0-0: Ball
1-0: Called Strike
1-1: Called Strike
1-2: Hit by Pitch
Batting: RHB José Correa 0-0: Ball
1-0: Ball
2-0: Sac Bunt - play at first, batter OUT! 3-4
Armando Alvarado to second
Pinch Hitting: RHB Claudio Torres 0-0: Foul Ball, location: 2F
0-1: Foul Ball, location: 2F
0-2: Ball
1-2: Foul Ball, location: 2F
1-2: Ball
2-2: Foul Ball, location: 2F
2-2: Foul Ball, location: 2F
2-2: 2-RUN HOME RUN (Flyball, 7D), Distance : 385 ft
Batting: LHB Sergio Muñóz 0-0: Called Strike
0-1: Ball
1-1: Called Strike
1-2: Ball
2-2: Strikes out swinging
Batting: LHB Sam Good 0-0: Ball
1-0: Foul Ball, location: 2F
1-1: SINGLE (Groundball, 34D)
Batting: RHB Lane Hancock 0-0: Called Strike
0-1: Ball
1-1: Ground out 6-3 (Groundball, 6)
Top of the 7th over - 2 run(s), 2 hit(s), 0 error(s), 1 left on base; Nortonville 6 - Salem 3
BOTTOM OF THE 7TH
Salem Misfits batting - Pitching for Nortonville Cherokees : LHP Homer O'Lannigan
Now at 1B: Claudio Torres
Batting: SHB Emílio Gonzáles 0-0: Ball
1-0: Called Strike
1-1: SINGLE (Line Drive, 7LS)
Batting: SHB Arturo Romero 0-0: Ball
1-0: Ball
2-0: Ball
3-0: Foul Ball, location: 2F
3-1: Called Strike
3-2: SINGLE (Groundball, 6M)
Emílio Gonzáles to second
Emílio Gonzáles to third
Batting: RHB Steve Duncan 0-0: Ball
1-0: Foul Ball, location: 2F
1-1: Swinging Strike
1-2: Foul Ball, location: 2F
1-2: Ball
2-2: Strikes out looking
Pitching: RHP Carlos Valentín
Batting: SHB Joe Werner 0-0: Ball
1-0: Ball
2-0: SINGLE (Groundball, 34D)
Emílio Gonzáles scores
Arturo Romero to second
Runner from 2nd tries for 3rd, SAFE, throw made to third
Joe Werner to second
Pinch Hitting: RHB Domingo Navarro 0-0: Ball
1-0: DOUBLE (Line Drive, 7LS)
Arturo Romero scores
Joe Werner scores
Batting: RHB Alfredo Martínez 0-0: 2-RUN HOME RUN (Flyball, 8RD), Distance : 436 ft
Pitching: RHP Roberto Cabrera
Batting: RHB António Martínez 0-0: Foul Ball, location: 2F
0-1: Called Strike
0-2: Strikes out swinging
Batting: RHB Raúl Reyna 0-0: Ball
1-0: Fly out, F9 (Flyball, 89M)
Bottom of the 7th over - 5 run(s), 5 hit(s), 0 error(s), 0 left on base; Nortonville 6 - Salem 8
TOP OF THE 8TH
Nortonville Cherokees batting - Pitching for Salem Misfits : LHP Jorge Román
Now at SS: Diego Chacón
Now in LF: Domingo Navarro
Batting: RHB Paco Vásquez 0-0: Called Strike
0-1: Ball
1-1: Ball
2-1: Ground out 3-1 (Groundball, 34)
Pitching: RHP Gabe Stephenson
Batting: RHB Víctor López 0-0: Called Strike
0-1: Ball
1-1: Fly out, F9 (Popup, 9LS)
Batting: SHB Gonzalo Valentín 0-0: SINGLE (Line Drive, 78M)
Batting: RHB Armando Alvarado 0-0: Foul Ball, location: 2F
0-1: Swinging Strike
0-2: Foul Ball, location: 2F
0-2: Ground out 6-3 (Groundball, 6)
Top of the 8th over - 0 run(s), 1 hit(s), 0 error(s), 1 left on base; Nortonville 6 - Salem 8
BOTTOM OF THE 8TH
Salem Misfits batting - Pitching for Nortonville Cherokees : RHP Roberto Cabrera
Batting: RHB John Townsend 0-0: Called Strike
0-1: Ball
1-1: Ball
2-1: Foul Ball, location: 2F
2-2: Ball
3-2: Ground out 5-3 (Groundball, 56S)
Batting: SHB Emílio Gonzáles 0-0: Ball
1-0: Ball
2-0: Swinging Strike
2-1: Ball
3-1: Called Strike
3-2: Foul Ball, location: 2F
3-2: Ground out 5-3 (Groundball, 5S)
Batting: SHB Arturo Romero 0-0: Ground out 6-3 (Groundball, 6M)
Bottom of the 8th over - 0 run(s), 0 hit(s), 0 error(s), 0 left on base; Nortonville 6 - Salem 8
TOP OF THE 9TH
Nortonville Cherokees batting - Pitching for Salem Misfits : RHP Gabe Stephenson
Pitching: RHP Enrico Reséndez
Batting: RHB José Correa 0-0: Ball
1-0: Swinging Strike
1-1: Ball
2-1: Foul Ball, location: 2F
2-2: SOLO HOME RUN (Flyball, 7D), Distance : 392 ft
Batting: RHB Claudio Torres 0-0: Ball
1-0: Foul Ball, location: 2F
1-1: Foul Ball, location: 2F
1-2: Foul Ball, location: 2F
1-2: Strikes out swinging
Batting: LHB Sergio Muñóz 0-0: Ball
1-0: SOLO HOME RUN (Line Drive, 9D), Distance : 389 ft
Batting: LHB Sam Good 0-0: Ball
1-0: Foul Ball, location: 2F
1-1: Ball
2-1: Ball
3-1: Called Strike
3-2: Strikes out swinging
Batting: RHB Lane Hancock 0-0: Ball
1-0: Ball
2-0: Called Strike
2-1: Foul Ball, location: 2F
2-2: Ball
3-2: Foul Ball, location: 2F
3-2: SOLO HOME RUN (Line Drive, 78XD), Distance : 425 ft
Pitching: RHP Sid Brown
Batting: RHB Paco Vásquez 0-0: Called Strike
0-1: Fly out, F8 (Flyball, 8RM)
Top of the 9th over - 3 run(s), 3 hit(s), 0 error(s), 0 left on base; Nortonville 9 - Salem 8
BOTTOM OF THE 9TH
Salem Misfits batting - Pitching for Nortonville Cherokees : RHP Roberto Cabrera
Pitching: LHP Santiago Mesa
Now at SS: Armando González
Now in CF: Edén Mont
Pinch Hitting: RHB Arlen King 0-0: Ball
1-0: Ball
2-0: Ground out 5-3 (Groundball, 56)
Pinch Hitting: RHB José Casarreal 0-0: Ball
1-0: Ball
2-0: Foul Ball, location: 2F
2-1: Foul Ball, location: 2F
2-2: Foul Ball, location: 2F
2-2: Ball
3-2: SINGLE (Groundball, 34D)
Pinch Runner at 1st Alonso Márquez:
Batting: RHB Domingo Navarro 0-0: Ball
1-0: SINGLE (Groundball, 6MD)
Alonso Márquez to second
Runner from 2nd tries for 3rd, SAFE, no throw or cutoff
Batting: RHB Alfredo Martínez 0-0: Called Strike
0-1: Ball
1-1: Called Strike
1-2: Ball
2-2: Ball
3-2: Foul Ball, location: 2F
3-2: Base on Balls
Domingo Navarro to second
Batting: RHB António Martínez 0-0: Ball
1-0: Called Strike
1-1: Foul Ball, location: 2F
1-2: Strikes out swinging
Pinch Hitting: RHB Dan Finch 0-0: Foul Ball, location: 2F
0-1: SINGLE (Groundball, 5D)
Alonso Márquez scores
Domingo Navarro to third
Alfredo Martínez to second
Runner from 3rd tries for Home, throw and OUT!
Bottom of the 9th over - 1 run(s), 3 hit(s), 0 error(s), 2 left on base; Nortonville 9 - Salem 9
TOP OF THE 10TH
Nortonville Cherokees batting - Pitching for Salem Misfits : RHP Sid Brown
Now at 1B: Júlio Valentín
Now at SS: Alonso Márquez
Now in CF: Arlen King
Pinch Hitting: RHB Jean Lemaire 0-0: Swinging Strike
0-1: Foul Ball, location: 2F
0-2: Ball
1-2: Foul Ball, location: 2F
1-2: SINGLE (Line Drive, 89S)
Pinch Hitting: RHB Jim Unknown 0-0: Bunted foul
0-1: Sac Bunt - play at first, batter OUT! 1-4
Jean Lemaire to second
Pinch Hitting: LHB Anthony Trigg 0-0: Ball
1-0: Foul Ball, location: 2F
1-1: Foul Ball, location: 2F
1-2: Ground out 6-3 (Groundball, 6M)
Jean Lemaire to third
Batting: RHB José Correa 0-0: Ball
1-0: Ball
2-0: Ball
3-0: Base on Balls
Batting: RHB Claudio Torres 0-0: Ball
1-0: Called Strike
1-1: Foul Ball, location: 2F
1-2: Ball
2-2: Fly out, F3 (Popup, 3SF)
Top of the 10th over - 0 run(s), 1 hit(s), 0 error(s), 2 left on base; Nortonville 9 - Salem 9
BOTTOM OF THE 10TH
Salem Misfits batting - Pitching for Nortonville Cherokees : LHP Santiago Mesa
Now at C: Louie McNeil
Now at 2B: Jim Unknown
Now in LF: Anthony Trigg
Batting: RHB John Townsend 0-0: Ball
1-0: Swinging Strike
1-1: Ball
2-1: Swinging Strike
2-2: Foul Ball, location: 2F
2-2: Ground out 6-3 (Groundball, 6MS)
Batting: SHB Emílio Gonzáles 0-0: Called Strike
0-1: Ball
1-1: Ball
2-1: Foul Ball, location: 2F
2-2: Strikes out looking
Pinch Hitting: RHB Miguel Torres 0-0: Foul Ball, location: 2F
0-1: Foul Ball, location: 2F
0-2: Ball
1-2: Ball
2-2: Foul Ball, location: 2F
2-2: Strikes out looking
Bottom of the 10th over - 0 run(s), 0 hit(s), 0 error(s), 0 left on base; Nortonville 9 - Salem 9
TOP OF THE 11TH
Nortonville Cherokees batting - Pitching for Salem Misfits : RHP Sid Brown
Now in RF: Miguel Torres
Batting: LHB Sergio Muñóz 0-0: Called Strike
0-1: Ground out 6-3 (Groundball, 6M)
Pinch Hitting: RHB Thomas Morris 0-0: Called Strike
0-1: Ball
1-1: DOUBLE (Flyball, 7D)
Batting: RHB Lane Hancock 0-0: Intentional Walk
Pinch Hitting: LHB Jafar Taha 0-0: Fly out, F4 (Popup, 4M)
Batting: RHB Louie McNeil 0-0: Fly out, F9 (Flyball, 9M)
Top of the 11th over - 0 run(s), 1 hit(s), 0 error(s), 2 left on base; Nortonville 9 - Salem 9
BOTTOM OF THE 11TH
Salem Misfits batting - Pitching for Nortonville Cherokees : LHP Santiago Mesa
Pitching: RHP Jim Unknown
Now at 3B: Ron Schneider
Now in CF: Thomas Morris
Batting: RHB Arlen King 0-0: Called Strike
0-1: Ball
1-1: Swinging Strike
1-2: Foul Ball, location: 2F
1-2: Foul Ball, location: 2F
1-2: Ground out 5-3 (Groundball, 56)
Batting: SHB Alonso Márquez 0-0: Called Strike
0-1: Ball
1-1: Foul Ball, location: 2F
1-2: Fly out, F7 (Popup, 78S)
Batting: RHB Domingo Navarro 0-0: Ball
1-0: Ball
2-0: Foul Ball, location: 2F
2-1: Ground out 1-3 (Groundball, 13S)
Bottom of the 11th over - 0 run(s), 0 hit(s), 0 error(s), 0 left on base; Nortonville 9 - Salem 9
TOP OF THE 12TH
Nortonville Cherokees batting - Pitching for Salem Misfits : RHP Sid Brown
Batting: RHB Jim Unknown 0-0: Called Strike
0-1: TRIPLE (Groundball, 3L)
Batting: LHB Anthony Trigg 0-0: Foul Ball, location: 2F
0-1: Ball
1-1: Ball
2-1: Ball
3-1: Base on Balls
Batting: RHB José Correa 0-0: Ball
1-0: Called Strike
1-1: Ball
2-1: Ball
3-1: Ground out 5-3 (Groundball, 5S)
Anthony Trigg to second
Pitching: RHP Bryce Randolph
Batting: RHB Claudio Torres 0-0: Ball
1-0: Fly out, F8 (Flyball, 8RXD)
Runner from 3rd tags up, SCORES, no throw
Anthony Trigg to third
Batting: LHB Sergio Muñóz 0-0: Ball
1-0: Swinging Strike
1-1: Ball
2-1: Foul Ball, location: 2F
2-2: Ball
3-2: Foul Ball, location: 2F
3-2: Base on Balls
Batting: RHB Thomas Morris 0-0: Ball
1-0: Ball
2-0: Ball
3-0: Called Strike
3-1: Called Strike
3-2: Fly out, F4 (Popup, 4D)
Top of the 12th over - 1 run(s), 1 hit(s), 0 error(s), 2 left on base; Nortonville 10 - Salem 9
BOTTOM OF THE 12TH
Salem Misfits batting - Pitching for Nortonville Cherokees : RHP Jim Unknown
Batting: RHB Alfredo Martínez 0-0: Ball
1-0: SINGLE (Flyball, 78S) - OUT at second base trying to stretch hit.
Batting: RHB António Martínez 0-0: Called Strike
0-1: Called Strike
0-2: Ball
1-2: Ball
2-2: Ball
3-2: Foul Ball, location: 2F
3-2: DOUBLE (Line Drive, 7M)
Batting: LHB Júlio Valentín 0-0: Ball
1-0: Swinging Strike
1-1: Ground out U3 (Groundball, 3L)
António Martínez to third
Batting: RHB John Townsend 0-0: Ball
1-0: Called Strike
1-1: Foul Ball, location: 2F
1-2: Strikes out swinging
Bottom of the 12th over - 0 run(s), 2 hit(s), 0 error(s), 1 left on base; Nortonville 10 - Salem 9
This league is powered by Out of the Park Baseball, the baseball management simulation game for PC, Mac and Linux
Saturday, July 25th, 2015 - OOTP Baseball 15.6 Build 34